 Dungeon Crawl Stone Soup version 0.21.0 (webtiles) character file.

6 MDvedh the Digger (level 1, 0/11 HPs)
             Began as a Gargoyle Earth Elementalist on Jan 6, 2018.
             Slain by a leopard gecko (2 damage)
             ... on level 1 of the Dungeon.
             The game lasted 00:00:47 (458 turns).

MDvedh the Digger (Gargoyle Earth Elementalist)      Turns: 458, Time: 00:00:48

Health: 0/11       AC:  4    Str: 11    XL:     1   Next: 90%
Magic:  3/3        EV: 12    Int: 15    God:
Gold:   14         SH:  0    Dex: 10    Spells: 3/4 levels left

rFire    . . .     SeeInvis .   k - +0 mace
rCold    . . .     Gourm    .   (no shield)
rNeg     + . .     Faith    .   c - +0 robe
rPois    ∞         Spirit   .   (no helmet)
rElec    +         Reflect  .   (no cloak)
rCorr    .         Harm     .   (no gloves)
MR       .....                  (no boots)
Stlth    ++........             (no amulet)
HPRegen  0.03/turn              (no ring)
MPRegen  0.08/turn              (no ring)

@: no status effects
A: negative energy resistance 1, electricity resistance, unbreathing,
petrification resistance, rot immunity, AC +2
a: no special abilities


You were on level 1 of the Dungeon.
You were not hungry.

You visited 1 branch of the dungeon, and saw 1 of its levels.

You collected 14 gold pieces.

Inventory:

Hand Weapons
 k - a +0 mace (weapon)
Missiles
 b - 28 stones (quivered)
Armour
 c - a +0 robe (worn)
Jewellery
 j - an uncursed ring of protection from cold {unknown}
Scrolls
 a - a scroll of fog {unknown}
 h - 5 scrolls of identify {unknown}
Potions
 f - a potion of resistance {unknown}
 g - a potion of heal wounds {unknown}
 i - a potion of magic {unknown}
 l - a potion of flight {unknown}
 m - a potion of berserk rage {unknown}
Books
 e - a book of Geomancy

   Spells                             Type                      Level
   a - Sandblast                      Earth                        1
   b - Passwall                       Transmutation/Earth          2
   c - Stone Arrow                    Conjuration/Earth            3
   d - Petrify                        Transmutation/Earth          4
   e - Lee's Rapid Deconstruction     Earth                        5
Comestibles
 d - a ration


   Skills:
 + Level 0.8 Fighting
 + Level 0.2 Maces & Flails
 + Level 0.9 Armour
 - Level 1.5 Dodging
 - Level 2.1 Stealth
 - Level 2.0 Spellcasting
   Level 0.7 Transmutations
 - Level 3.6 Earth Magic


You had 3 spell levels left.
You knew the following spells:

 Your Spells              Type           Power        Failure   Level  Hunger
a - Sandblast             Erth           ##....       4%          1    #......


Dungeon Overview and Level Annotations

Branches:
Dungeon (1/15)

Altars:


Innate Abilities, Weirdness & Mutations

You are resistant to torment.
Your stone body is resilient. (AC +2)
You are immune to poison.
You resist negative energy. (rN+)
You are resistant to electric shocks. (rElec)
You can survive without breathing.
You are immune to petrification.
You are immune to rotting.


Message History

You barely miss the leopard gecko.
The leopard gecko is almost dead.
The leopard gecko bites you.
You are too injured to fight recklessly!
You are too injured to fight recklessly!
You are too injured to fight recklessly!
You barely miss the leopard gecko.
The leopard gecko is almost dead.
The leopard gecko closely misses you. x2
You barely miss the leopard gecko.
The leopard gecko is almost dead.
The leopard gecko misses you. The leopard gecko barely misses you.
You closely miss the leopard gecko.
The leopard gecko is almost dead.
The leopard gecko bites you.
* * * LOW HITPOINT WARNING * * *
You closely miss the leopard gecko.
The leopard gecko is almost dead.
The leopard gecko bites you.
You die...

####.###........#
####.###........#
......##.#+######
......+....#..
......##.###.####
...........#.#..
......##.#.#.#.####
......##.#.#......#.#+#.
....[.##...#....@l......
......######.#..........
......# #.#.(...$....
####### #.#.#..#+####
############.#.##.#
...........#.#.. .#
##########[#.######
..........).........
#####........#######


You could see a leopard gecko.

Vanquished Creatures
  2 goblins (D:1)
  A hobgoblin (D:1)
  2 bats (D:1)
5 creatures vanquished.

Notes
Turn   | Place    | Note
-------+----------+-------------------------------------------
     0 | D:1      | MDvedh the Gargoyle Earth Elementalist began the quest for the Orb.
     0 | D:1      | Reached XP level 1. HP: 10/10 MP: 3/3
   458 | D:1      | Slain by a leopard gecko

Action                   || total
-------------------------++-------
Melee: Unarmed           ||    14
       Mace              ||     9
 Cast: Sandblast         ||     2
 Stab: Sleeping          ||     1
Armor: Robe              ||     1
Dodge: Dodged            ||    19
